 Dungeon Crawl Stone Soup version 0.32-a0-918-g0f22ef8d61 (webtiles) character file.

Game seed: 4873566229134013862

81 jlumianski the Chopper (level 4, 0/34 HPs)
             Began as a Coglin Gladiator on Apr 10, 2024.
             Splashed by a jelly's acid (2 damage)
             ... on level 4 of the Dungeon.
             The game lasted 00:06:20 (1975 turns).

jlumianski the Chopper (Coglin Gladiator)           Turns: 1975, Time: 00:06:20

Health: 0/34       AC:  0    Str: 17    XL:     4   Next: 40%
Magic:  4/4        EV:  9    Int:  7    God:
Gold:   163        SH:  0    Dex: 15    Spells: 3/3 levels left

rFire   . . .        a - +0 war axe {Haeun}
rCold   + . .        r - +3 dagger {Daichi}
rNeg    . . .        l - +1 scale mail {rC+}
rPois   .            c - +0 helmet
rElec   .            s - scarf {shadows}
rCorr   .            (no gloves)
SInv    .            (no boots)
Will    .....        (amulet unavailable) Stlth
                     (ring unavailable)
HPRegen 0.25/turn    (ring unavailable)
MPRegen 0.09/turn    (no gizmo)

%: no passive effects
@: corroded, revving
A: off-hand wielding, slow wielding, warmup strikes, no jewellery
a: Invent Gizmo


You were on level 4 of the Dungeon.
You visited 1 branch of the dungeon, and saw 5 of its levels.

You collected 163 gold pieces.

Inventory:

Hand Weapons
 a - a +0 war axe (weapon) {Haeun}
 f - a +0 dagger {Francisco}
 r - a +3 dagger (offhand) {Daichi}
Missiles
 d - 3 throwing nets
 e - 6 javelins (quivered)
Armour
 b - a +0 leather armour
 c - a +0 helmet (worn)
 g - a +0 ring mail
 l - a +1 scale mail of cold resistance (worn)
 s - a scarf of shadows (worn)
Magical Staves
 j - a staff of alchemy
Scrolls
 i - a scroll of vulnerability {unknown}
 k - a scroll of immolation {unknown}
 m - a scroll of teleportation {unknown}
 p - a scroll of torment {unknown}
Potions
 h - a potion of enlightenment {unknown}
 n - a potion of brilliance {unknown}
 o - a potion of haste {unknown}
 q - a potion of attraction {unknown}
 t - a potion of ambrosia {unknown}


   Skills:
 + Level 2.9 Fighting
 + Level 1.0 Short Blades
 + Level 3.8 Axes
 + Level 1.8 Throwing
 + Level 0.4 Armour
 + Level 3.1 Dodging


You had 3 spell levels left.
You didn't know any spells.
Your spell library contained the following spells:

 Spells                   Type           Power      Damage    Failure   Level
 Frozen Ramparts          Ice            0%         1d1       99%         3
 Ozocubu's Armour         Ice            0%         N/A       99%         3
 Metabolic Englaciation   Hex/Ice        0%         N/A       100%        5


Dungeon Overview and Level Annotations

Branches:
Dungeon (5/15)
 Temple: D:4-7

Altars:


Innate Abilities, Weirdness & Mutations

You can wield a second weapon in your off-hand.
It takes a long time for you to wield or remove held weapons.
Your first few attacks do less damage.
You cannot equip rings or amulets.


Message History

You continue putting on your scarf of shadows. x2
You finish putting on your scarf of shadows.
It gets dark.
You open the door.
There is an open door here.
You now have 163 gold pieces (gained 14).
You open the door.
There is an open door here.
t - a lumpy dark potion You open the door.
There is an open door here.
Found 5 stones.
A hobgoblin comes into view.
The hobgoblin shouts!
A jelly comes into view.
The jelly quivers.
You hit the jelly with your +0 war axe.
Your graspers burn!
The jelly is lightly wounded.
You hit the jelly with your +3 dagger. The acid corrodes you!
Your graspers burn!
The jelly hits you but does no damage.
You slash the jelly with your +0 war axe!
Your graspers burn!
The jelly is moderately wounded.
You hit the jelly with your +3 dagger.
Your graspers burn!
The jelly hits you but does no damage.
You hit the jelly but do no damage.
Your graspers burn!
The jelly is heavily wounded.
You closely miss the hobgoblin with your +0 war axe.
You hit the jelly with your +3 dagger.
Your graspers burn!
The hobgoblin hits you but does no damage.
The jelly hits you. The acid corrodes you!
You are splashed with acid!
* * * LOW HITPOINT WARNING * * *
You are too injured to fight recklessly!
You are too injured to fight recklessly!
You are too injured to fight recklessly!
You are too injured to fight recklessly!
Okay, then.
Unknown command.
You hit the jelly with your +0 war axe.
Your graspers burn!
You die...

#+#...#'#.#####... ..
#.......#.'...'.#.
..#####...#####...###.
...#.+...'.#.......#
#.#.#####.#+#...#+#
#.....#.....#...#
#...(.......##+##
#.g...#.....#
#.#@#####.#+#
...#.J.....#
..g#####...### +...
..... ### ..#. ..# ##


You could see a jelly and a hobgoblin.

Vanquished Creatures
  4 adders (D:2)
  2 ribbon worms
  4 bats
  2 endoplasms
  3 giant cockroaches
  2 goblins
  3 hobgoblins
  2 jackals (D:2)
  4 kobolds
  2 quokkas
  5 ball pythons
  A frilled lizard (D:1)
  6 rats
40 creatures vanquished.

Notes
Turn   | Place    | Note
-------+----------+-------------------------------------------
     0 | D:1      | jlumianski the Coglin Gladiator began the quest for the
                  | Orb.
     0 | D:1      | Reached XP level 1. HP: 16/16 MP: 1/1
   149 | D:1      | You fall into a shaft and drop 1 floor!
   163 | D:2      | Reached XP level 2. HP: 22/22 MP: 2/2
   520 | D:1      | Reached XP level 3. HP: 27/28 MP: 3/3
   936 | D:2      | Reached skill level 1 in Short Blades
   936 | D:2      | Reached XP level 4. HP: 30/34 MP: 4/4
  1876 | D:5      | Entered Level 5 of the Dungeon
  1975 | D:4      | Splashed by a jelly's acid

Illustrated notes

Levels and vault maps discovered:
D:1:      giann_bridges, layout_basic
D:2:      layout_rooms, serial_forest, infiniplex_forest_end_1,
          infiniplex_forest_corner_2, infiniplex_forest_clump_small,
          infiniplex_forest_end_1, infiniplex_forest_clump_tiny,
          infiniplex_forest_fountain, infiniplex_forest_straight_2,
          infiniplex_forest_end_2, infiniplex_forest_lined_corner,
          hangedman_decor_diamond_cutter
D:3:      layout_loops_ring, serial_bayou_pond_a
D:4:      nicolae_cairo_tiling_large, layout_basic,
          minmay_fractal_squares_diagonal_5
D:5:      layout_basic

Skill      XL: |  1  2  3 |
---------------+----------+-----
Dodging        | 3 |  3.1
Short Blades   | 1 |  1.0
Fighting       | |  2.9
Axes           | |  3.8
Throwing       | |  1.8
Armour         | |  0.4

Action                     |  1- 3 |  4- 6 || total
---------------------------+-------+-------++-------
  Melee: War axe           |    51 |    34 ||    85
         Dagger            |    44 |    27 ||    71
 Armour: Ring mail         |    30 |     7 ||    37
         Scale mail        |       |    18 ||    18
  Dodge: Dodged            |    32 |    23 ||    55

Table legend: (Time is in decaauts)
 A = Elapsed time spent in this place.
 B = Non-inter-level travel time spent in this place.
 C = Inter-level travel time spent in this place.
 D = Time resting spent in this place.
 E = Time spent auto-exploring this place.
 F = Levels seen in this place.
 G = Mean time per level.
                   A        B        C        D        E       F      G
               +--------+--------+--------+--------+--------+-----+--------+
         Total |   1990 |   1905 |     85 |      0 |   1443 |   5 |  398.0 |
       Dungeon |   1990 |   1905 |     85 |      0 |   1443 |   5 |  398.0 |
               +--------+--------+--------+--------+--------+-----+--------+

Top non-repeatable levels by time:
     D:2: 887 daAuts
     D:1: 793 daAuts
     D:4: 155 daAuts
     D:3: 148 daAuts
     D:5: 6 daAuts
